 Dungeon Crawl Stone Soup version 0.17-a0-1485-g22cb0ee (webtiles) character file.

319 emikaela the Ruffian (level 6, 0/43 HPs)
             Began as an Octopode Wanderer on July 5, 2015.
             Was a Believer of Vehumet.
             Slain by a hound (5 damage)
             ... on level 4 of the Dungeon.
             The game lasted 00:13:42 (5415 turns).

emikaela the Ruffian (Octopode Wanderer)            Turns: 5415, Time: 00:13:43

Health: 0/43       AC:  1    Str: 16    XL:     6   Next: 45%
Magic:  6/6        EV: 12    Int: 12    God:    Vehumet [**....]
Gold:   144        SH:  0    Dex: 11    Spells: 0 memorised, 5 levels left

rFire  . . .     SeeInvis .       - Unarmed
rCold  . . .     Clarity  .     (no shield)
rNeg   . . .     SustAt   .     (helmet restricted)
rPois  .         Gourm    .     h - amulet of rage
rElec  .         Spirit   .     (no ring)
rCorr  .         Warding  .     (no ring)
rMut   .         Stasis   .     (no ring)
MR     .....                    (no ring)
Stlth  ++++......               (no ring)
                                (no ring)
                                (no ring)
                                (no ring)

@: not resistant to hostile enchantments, stealthy
A: almost no armour, amphibious, 8 rings, constrict 8, camouflage 1, gelatinous
body 1
a: Renounce Religion, Evoke Berserk Rage


You were on level 4 of the Dungeon.
You worshipped Vehumet.
Vehumet was pleased with you.
You were not hungry.

You visited 1 branch of the dungeon, and saw 4 of its levels.

You collected 144 gold pieces.

Inventory:

Hand weapons
 b - a +0 mace
 d - a +0 dagger
Missiles
 f - 11 sling bullets
 l - 30 poisoned needles
 m - a throwing net (quivered)
 n - 30 bolts
 p - 74 stones
 s - 53 arrows
 D - 5 javelins
 F - 11 arrows of flame
Armour
 a - a +0 shield
Jewellery
 h - an amulet of rage (around mantle)
Magical devices
 z - a wand of random effects (24)
Scrolls
 k - 2 scrolls of remove curse {unknown}
 o - 2 scrolls of enchant weapon {unknown}
 r - 2 scrolls of noise {unknown}
 t - a scroll of recharging {unknown}
 w - a scroll of teleportation {unknown}
 x - a scroll of random uselessness {unknown}
 y - 5 scrolls of identify {unknown}
 E - a scroll of blinking {unknown}
Potions
 c - a potion of lignification
 i - a potion of degeneration {unknown}
 j - 3 potions of curing {unknown}
 u - 2 potions of invisibility {unknown}
 v - a potion of cancellation {unknown}
 A - 2 potions of brilliance {unknown}
 C - a potion of poison {unknown}
Comestibles
 e - 3 bread rations
 g - a royal jelly
 q - 11 fruits
 B - a slice of pizza


   Skills:
 - Level 4.0 Fighting
 + Level 1.7 Dodging
 - Level 4.0 Stealth
 - Level 1.0 Shields
 + Level 6.3 Unarmed Combat


You had 5 spell levels left.
You didn't know any spells.

Dungeon Overview and Level Annotations

Branches:
Dungeon (4/15)
 Temple: D:4-7

Altars:
Dithmenos
Makhleb
Vehumet

Annotations:
D:4 emikaela's ghost, average OpWn


Innate Abilities, Weirdness & Mutations

You cannot wear most types of armour.
You are amphibious.
You can wear up to eight rings at the same time.
You can use your tentacles to constrict eight enemies at once.
Your skin changes colour to match your surroundings (Stealth).
Your rubbery body absorbs attacks (AC +1).


Message History

The hound is moderately wounded.
The orc barely misses you. The hound bites you.
An adder comes into view.
You barely miss the hound. You grab the hound.
The hound is moderately wounded.
You constrict the hound. The hound bites you.
The orc priest mumbles some strange prayers to Beogh.
You feel a wave of unholy energy pass over you.
The orc hits you with a club. The hound bites you.
* * * LOW HITPOINT WARNING * * *
You are too injured to fight recklessly!
You are too injured to fight recklessly!
You tentacle-slap the hound but do no damage.
The hound is heavily wounded.
You constrict the hound. The hound bites you.
* * * LOW HITPOINT WARNING * * *
You tentacle-slap the hound but do no damage.
The hound is heavily wounded.
You constrict the hound. The hound bites you.
You die...

.# #..## #. ....#
#...###. ## #...##
##...##. ..# #.....
##..... #.##
#.....#####.... .b
#..##S..............
...
#.oo.##.########...
..# #.h## . ##.. #.#
##@o.# .## ##g #.#
##....## .(# #.
#.##..###.###.# #.
#.).## ##.##.# ##g
#..## ##.#.# ##.#
###).# ##..# ###.##
####....## ##..#
##..## #........#
#...###..##
##..###..>#
#..#..#...#


You could see a hound, an orc priest, an orc wizard, an adder and an orc.

Vanquished Creatures
  Crazy Yiuf (D:2)
  A hound (D:4)
  Terence (D:2)
  4 gnolls (D:4)
  5 adders
  4 river rats (D:3)
  2 oozes
  2 worms (D:3)
  3 giant geckos
  10 orcs
  6 bats
  4 giant cockroaches
  13 hobgoblins
  11 jackals
  4 giant newts
  8 goblins
  A jackal skeleton (D:4)
  11 kobolds
  2 quokkas
  9 rats
  A plant (D:3)
103 creatures vanquished.

Vanquished Creatures (others)
  2 plants (D:3)
2 creatures vanquished.

Grand Total: 105 creatures vanquished

Notes
Turn   | Place    | Note
--------------------------------------------------------------
     0 | D:1      | emikaela the Octopode Wanderer began the quest for the Orb.
     0 | D:1      | emikaela set off with: a +0 shield, a +0 mace, a potion of lignification, a +0 dagger, a bread ration
     0 | D:1      | Reached XP level 1. HP: 17/17 MP: 1/1
   326 | D:1      | Reached XP level 2. HP: 14/22 MP: 2/2
  1168 | D:1      | Reached XP level 3. HP: 7/27 MP: 3/3
  1616 | D:2      | You fall through a shaft for 2 floors!
  1618 | D:4      | Noticed emikaela's ghost (average OpWn)
  1708 | D:4      | Found a shadowy altar of Dithmenos.
  1789 | D:4      | Reached XP level 4. HP: 33/33 MP: 4/4
  2199 | D:2      | Noticed Terence
  2210 | D:2      | Killed Terence
  2210 | D:2      | Reached skill level 5 in Unarmed Combat
  2210 | D:2      | Reached XP level 5. HP: 11/37 MP: 5/5
  2810 | D:2      | Noticed Crazy Yiuf
  2825 | D:2      | Killed Crazy Yiuf
  2916 | D:2      | Found a faded altar to an unknown god.
  3159 | D:2      | Became a worshipper of Vehumet
  3159 | D:2      | Acquired Vehumet's first power
  3159 | D:2      | Offered knowledge of Sandblast by Vehumet.
  4002 | D:3      | Reached skill level 6 in Unarmed Combat
  4170 | D:3      | Reached XP level 6. HP: 43/43 MP: 6/6
  4333 | D:3      | Offered knowledge of Searing Ray by Vehumet.
  4357 | D:3      | Reached skill level 1 in Dodging
  4358 | D:3      | Found a burning altar of Makhleb.
  5415 | D:4      | Slain by a hound

Vault maps used:
D:1:      sevenhm_arrival_forest_fort_large_2, minmay_misc_feat_diagonals
D:2:      ecumenical_altar_1, kennysheep_pointless_box, bh_chokoban,
          uniq_terence, uniq_crazy_yiuf_cottage
D:3:      wad_woods_stonehenge
D:4:      first_bread, grunt_dithmenos_smoke_and_mirrors

Action                   |  1- 3 |  4- 6 || total
-------------------------+-------+-------++-------
Melee: Unarmed           |    74 |   197 ||   271
Throw: Throwing net      |       |     1 ||     1
 Stab: Sleeping          |     5 |    14 ||    19
       Held in net/web   |       |     1 ||     1
  Eat: Chunk             |     2 |    12 ||    14
